 Dungeon Crawl Stone Soup version 0.27-a0-597-g524d869a0f (webtiles) character file.

Game seed: 9476811612781462226

4635 TwistedFlax the Severer (level 10, -22/77 HPs)
             Began as a Hill Orc Berserker on Mar 12, 2021.
             Was a High Priest of Trog.
             Killed by the air
             ... invoked by Gastronok
              (26 damage)
             ... on level 8 of the Dungeon.
             The game lasted 00:21:24 (10500 turns).

TwistedFlax the Severer (Hill Orc Berserker)       Turns: 10500, Time: 00:21:24

Health: -22/77     AC: 22    Str: 24    XL:     10   Next: 43%
Magic:  10/10      EV:  7    Int:  7    God:    Trog [*****.]
Gold:   402        SH: 11    Dex: 10    Spells: 9/9 levels left

rFire    + . .     SeeInvis .   a - +0 war axe
rCold    . . .     Faith    .   f - +0 kite shield {AC+3}
rNeg     . . .     Spirit   .   g - +2 chain mail {rF+}
rPois    +         Reflect  .   s - +1 helmet
rElec    .         Harm     .   (no cloak)
rCorr    .         Rampage  .   c - +2 pair of gloves
Will     .....                  (no boots)
Stlth    ..........             (no amulet)
HPRegen  0.22/turn              h - +4 ring of protection
MPRegen  0.12/turn              x - ring of poison resistance

@: berserk cooldown, slowed, very slow
A: no striking features
a: Renounce Religion, Berserk, Trog's Hand, Brothers in Arms


You were on level 8 of the Dungeon.
You worshipped Trog.
Trog was extremely pleased with you.
You visited 2 branches of the dungeon, and saw 9 of its levels.
You also visited: Sewer.

You collected 402 gold pieces.

Inventory:

Hand Weapons
 a - a +0 war axe (weapon)
 w - a +0 battleaxe
Missiles
 b - 4 throwing nets
 j - 4 boomerangs
 n - 13 poisoned darts
 o - 7 curare-tipped darts
 r - 8 boomerangs of dispersal (quivered)
 t - 4 javelins
Armour
 c - a +2 pair of gloves (worn)
 f - a +0 kite shield of protection (worn)
 g - a +2 chain mail of fire resistance (worn)
 s - a +1 helmet (worn)
 u - a +2 pair of gloves
Jewellery
 h - a +4 ring of protection (right hand)
 k - an amulet of the acrobat
 l - a ring of see invisible
 x - a ring of poison resistance (left hand)
Wands
 d - a wand of digging (4)
 e - a wand of charming (8)
 q - a wand of flame (25)
Scrolls
 v - a scroll of enchant weapon
 D - a scroll of blinking
 F - a scroll of fog
 X - 3 scrolls of magic mapping {@r4}
 Y - 6 scrolls of teleportation {@r3}
Potions
 i - a potion of attraction {unknown}
 m - a potion of degeneration {unknown}
 C - 2 potions of cancellation
 H - 2 potions of haste
 J - 3 potions of curing {@q1}
 L - 5 potions of flight
 M - 3 potions of might
 P - a potion of lignification
 Q - 2 potions of magic
 T - 2 potions of berserk rage


   Skills:
 - Level 3.6 Fighting
 * Level 15.7 Axes
 - Level 2.1 Armour
 - Level 1.5 Dodging
 + Level 8.8 Shields


You had 9 spell levels left.
You didn't know any spells.
Your spell library was empty.

Dungeon Overview and Level Annotations

Branches:
Dungeon (8/15)             Temple (1/1) D:4           Sewer (visited)
   Lair: D:8-11

Altars:
Dithmenos
Elyvilon
Okawaru
Vehumet
Xom

Shops:
D:7 *

Annotations:
D:8 Gastronok


Message History

Gastronok is heavily wounded.
Gastronok waves his eye-stalks in wide circles.
The air twists around and strikes you!
* * * LOW HITPOINT WARNING * * *
You hit Gastronok but do no damage.
Gastronok is heavily wounded.
You hit Gastronok but do no damage.
Gastronok is heavily wounded.
Gastronok glows a brilliant shade of cerise.
You slash Gastronok!
Gastronok is heavily wounded.
You hit Gastronok but do no damage.
Gastronok is heavily wounded.
You hit Gastronok.
Gastronok is heavily wounded.
Okay, then.
You feel much better.
You slash Gastronok!
Gastronok is severely wounded.
You hit Gastronok.
Gastronok is severely wounded.
You hit Gastronok but do no damage.
Gastronok is severely wounded.
You slash Gastronok!
Gastronok is severely wounded.
Gastronok bites you!!
* * * LOW HITPOINT WARNING * * *
You slash Gastronok!
Gastronok is severely wounded.
You hit Gastronok.
Gastronok is severely wounded.
You slash Gastronok!
Gastronok is almost dead.
Gastronok bites you!
* * * LOW HITPOINT WARNING * * *
You slash Gastronok!
Gastronok is almost dead.
Gastronok waves his eye-stalks in wide circles.
The air twists around and strikes you!!
You die...

####
#....########
#....# #....#
#....# #....#
###.)..#
#....###
#....# #..@.#
#..w.# #....#
#....# #....#
...### ....
#....


You could see Gastronok (swift).

Vanquished Creatures
  Harold (D:8)
  A two-headed ogre (D:8)
  Grinder (D:5)
  Sigmund (D:2)
  Menkaure (D:4)
  Duvessa (D:7)
  2 orc warriors (D:6)
  2 ogres
  2 centaurs
  3 kobold brigands (Sewer)
  3 bullfrogs
  Dowan (D:7)
  A scorpion (D:6)
  A water moccasin skeleton (D:4)
  3 killer bees (D:7)
  A vampire bat (D:4)
  3 wights (D:8)
  An electric eel (D:7)
  4 crimson imps (D:3)
  5 hounds
  4 orc priests
  A bullfrog skeleton (D:6)
  A centaur skeleton (D:6)
  Terence (D:2)
  An iguana (D:7)
  6 orc wizards
  Natasha (thrice) (D:2)
  6 worker ants
  A hound zombie (D:5)
  A hound skeleton (D:5)
  4 gnolls (D:2)
  7 adders
  3 river rats
  2 white imps (D:5)
  An ufetubus (D:7)
  4 oozes
  8 worms
  4 dart slugs
  3 fire bats (D:4)
  A leopard gecko (D:4)
  26 orcs
  2 spectral bats (D:4)
  3 bat skeletons (D:4)
  A bat zombie (D:4)
  7 giant cockroaches
  7 goblins
  9 hobgoblins
  5 jackals
  3 quokkas
  3 ball pythons
  17 bats
  A bat simulacrum (D:4)
  5 frilled lizards
  2 jackal skeletons
  12 kobolds
  A leopard gecko zombie (D:5)
  A quokka skeleton (D:5)
  6 rats
211 creatures vanquished.

Vanquished Creatures (others)
  An adder (D:7)
1 creature vanquished.

Grand Total: 212 creatures vanquished

Notes
Turn   | Place    | Note
-------+----------+-------------------------------------------
     0 | D:1      | TwistedFlax the Hill Orc Berserker began the quest for the
                  | Orb.
     0 | D:1      | Reached XP level 1. HP: 19/19 MP: 1/1
   122 | D:1      | Reached XP level 2. HP: 19/26 MP: 2/2
   484 | D:1      | Reached skill level 5 in Axes
   708 | D:1      | Reached XP level 3. HP: 31/31 MP: 3/3
   807 | D:1      | Reached ** piety under Trog
   995 | D:2      | Reached skill level 6 in Axes
  1127 | D:2      | Noticed Sigmund
  1198 | D:2      | Found a white marble altar of Elyvilon.
  1201 | D:2      | Noticed Natasha
  1214 | D:2      | Killed Natasha
  1215 | D:2      | Reached XP level 4. HP: 39/39 MP: 4/4
  1236 | D:2      | Reached skill level 7 in Axes
  1250 | D:2      | Reached XP level 5. HP: 17/45 MP: 5/5
  1489 | D:2      | Noticed Terence
  1661 | D:2      | Noticed Natasha
  1684 | D:2      | Killed Natasha
  1821 | D:2      | Noticed Natasha
  1847 | D:2      | Killed Natasha
  1848 | D:2      | Reached skill level 8 in Axes
  1858 | D:2      | Killed Terence
  1859 | D:2      | Reached skill level 1 in Shields
  2105 | D:2      | Reached XP level 6. HP: 47/51 MP: 6/6
  2156 | D:2      | Killed Sigmund
  2157 | D:2      | Reached skill level 9 in Axes
  2678 | D:3      | Found a shimmering altar of Xom.
  2697 | D:3      | Reached XP level 7. HP: 57/57 MP: 7/7
  3650 | D:4      | Found a glowing drain.
  3654 | Sewer    | Entered a sewer
  3665 | Sewer    | Reached skill level 10 in Axes
  3737 | Sewer    | Reached *** piety under Trog
  4104 | Sewer    | Reached XP level 8. HP: 49/64 MP: 8/8
  4233 | D:4      | Reached skill level 11 in Axes
  4487 | D:4      | Found a shadowy altar of Dithmenos.
  4726 | D:4      | Found a staircase to the Ecumenical Temple.
  4733 | D:4      | Noticed Menkaure
  4747 | D:4      | Killed Menkaure
  4769 | D:4      | Reached skill level 5 in Shields
  4772 | Temple   | Entered the Ecumenical Temple
  5297 | D:4      | Reached skill level 12 in Axes
  5304 | D:4      | Reached **** piety under Trog
  5821 | D:5      | Entered Level 5 of the Dungeon
  6118 | D:5      | Noticed Grinder
  6143 | D:5      | Killed Grinder
  6144 | D:5      | Reached XP level 9. HP: 70/70 MP: 9/9
  6356 | D:5      | Reached skill level 13 in Axes
  6584 | D:5      | You fall into a shaft and drop 1 floor!
  7157 | D:6      | Found an iron altar of Okawaru.
  8019 | D:6      | Reached ***** piety under Trog
  8335 | D:6      | Found a radiant altar of Vehumet.
  8838 | D:7      | Reached skill level 14 in Axes
  8838 | D:7      | HP: 5/105 [killer bee (3)]
  9265 | D:7      | Found Gocig's Lightly-Used Armoury.
  9765 | D:7      | Noticed Duvessa
  9774 | D:7      | Noticed Dowan
  9781 | D:7      | Killed Duvessa
  9788 | D:7      | Killed Dowan
 10070 | D:8      | Noticed a two-headed ogre
 10080 | D:8      | Killed a two-headed ogre
 10081 | D:8      | Reached skill level 15 in Axes
 10081 | D:8      | Reached XP level 10. HP: 77/77 MP: 10/10
 10297 | D:8      | Noticed Harold
 10318 | D:8      | Killed Harold
 10462 | D:8      | Noticed Gastronok
 10500 | D:8      | Killed from afar by Gastronok

Illustrated notes

Levels and vault maps discovered:
D:1:      eino_arrival_druids_welcome, layout_basic, minmay_heptomino_h4
D:2:      layout_basic, elyvilon_altar_5, grunt_decor_junction, uniq_terence,
          uniq_natasha, uniq_sigmund
D:3:      layout_loops_ring, led_xom_imps
D:4:      layout_basic, old_standard_altar, minmay_temple_entry_statues_pillars,
          portal_sewer_entry_a, goddamned_bats, uniq_menkaure
D:5:      layout_cave_pods, uniq_grinder
D:6:      layout_layer_cave, vehumet_altar_wand_db, okawaru_trees_1
D:7:      layout_basic, minmay_shop_damaged, fountainhead, uniq_duvessa
D:8:      layout_gridville, uniq_harold, uniq_gastronok, uniq_prince_ribbit1
Temple:   regret_index_temple_sphere_string

Skill      XL: |  1  2  3  4  5  6  7  8  9 |
---------------+----------------------------+-----
Axes           | 5 6 7 8 9 10 12 15 | 15.7
Shields        | 1 2 4 6 8 |  8.8
Fighting       | |  3.6
Armour         | |  2.1
Dodging        | |  1.5

Action                   |  1- 3 |  4- 6 |  7- 9 | 10-12 || total
-------------------------+-------+-------+-------+-------++-------
Melee: Hand axe          |   118 |   185 |   728 |       ||  1031
       War axe           |       |       |   169 |    75 ||   244
Invok: Berserk           |       |     2 |     4 |     2 ||     8
Evoke: Wand              |       |       |     4 |     1 ||     5
  Use: Scroll            |     4 |     4 |     8 |       ||    16
       Potion            |       |       |     3 |     1 ||     4
Armor: Animal skin       |    10 |       |       |       ||    10
       Plate armour      |    50 |    78 |       |       ||   128
       Chain mail        |       |    36 |   347 |    25 ||   408
       Skin              |       |       |    16 |       ||    16
Dodge: Dodged            |    42 |    44 |   146 |     5 ||   237
Block: Kite shield       |       |    36 |   354 |    28 ||   418

Table legend: (Time is in decaauts)
 A = Elapsed time spent in this place.
 B = Non-inter-level travel time spent in this place.
 C = Inter-level travel time spent in this place.
 D = Time resting spent in this place.
 E = Time spent auto-exploring this place.
 F = Levels seen in this place.
 G = Mean time per level.
                   A        B        C        D        E       F      G
               +--------+--------+--------+--------+--------+-----+--------+
         Total |  10630 |  10178 |    452 |   1594 |   6018 |  10 | 1063.0 |
       Dungeon |   9785 |   9333 |    452 |   1396 |   5577 |   8 | 1223.1 |
        Temple |    200 |    200 |      0 |    198 |      0 |   1 |  200.0 |
         Sewer |    644 |    644 |      0 |      0 |    441 |   1 |  644.0 |
               +--------+--------+--------+--------+--------+-----+--------+

Top non-repeatable levels by time:
     D:6: 1585 daAuts
     D:4: 1558 daAuts
     D:5: 1327 daAuts
     D:7: 1307 daAuts
     D:1: 1249 daAuts
     D:2: 1183 daAuts
     D:3: 1126 daAuts
   Sewer: 644 daAuts
     D:8: 447 daAuts
  Temple: 200 daAuts
